 Dungeon Crawl Stone Soup version 0.21.1-1-g345015f (webtiles) character file.

10920 Inarius the Grappler (level 11, -7/90 (92) HPs)
             Began as a Ghoul Gladiator on Feb 27, 2018.
             Was an Elder of Dithmenos.
             Mangled by Snorg (20 damage)
             ... on level 10 of the Dungeon.
             The game lasted 00:24:04 (7994 turns).

Inarius the Grappler (Ghoul Gladiator)              Turns: 7994, Time: 00:24:05

HP:   -7/90 (92)    AC:  5    Str: 26    XL:     11   Next: 69%
MP:   11/11         EV: 15    Int:  7    God:    Dithmenos [****..]
Gold: 629           SH:  3    Dex: 11    Spells: 10/10 levels left

rFire    + . .     SeeInvis .     - Unarmed
rCold    + . .     Gourm    .   t - -1 buckler
rNeg     + + +     Faith    .   l - +1 robe "Igaura" {rF+ Regen+ Str+6}
rPois    ∞         Spirit   .   b - +0 helmet
rElec    .         Reflect  .   G - +0 cloak
rCorr    .         Harm     .   (no gloves)
MR       .....                  (no boots)
Stlth    +++++.....             f - amulet of magic regeneration
HPRegen  0.00/turn              r - +3 ring of intelligence
MPRegen  0.37/turn              (no ring)

@: about to teleport, rotting, wreathed by umbra
A: rotting body, claws 1, carnivore, cold resistance 1, negative energy
resistance 3, inhibited regeneration, torment resistance, unbreathing
a: Shadow Step, Renounce Religion


You were on level 10 of the Dungeon.
You worshipped Dithmenos.
Dithmenos was greatly pleased with you.
You were not hungry.

You visited 2 branches of the dungeon, and saw 11 of its levels.
You also visited: Ossuary.

You collected 629 gold pieces.

Inventory:

Missiles
 c - 3 throwing nets (quivered)
Armour
 b - a +0 helmet (worn)
 e - a +0 ring mail of poison resistance
 l - the +1 robe "Igaura" (worn) {rF+ Regen+ Str+6}
   (You found it on level 5 of the Dungeon)

   It affects your strength (+6).
   It protects you from fire.
   It increases your rate of regeneration.
 s - a +0 plate armour
 t - a -1 buckler (worn)
 y - a cursed +0 large shield
 G - a +0 cloak (worn)
Jewellery
 f - an amulet of magic regeneration (around neck)
 r - a +3 ring of intelligence (left claw)
Wands
 D - a wand of acid (1)
 F - a wand of polymorph (10)
Scrolls
 a - a scroll of enchant weapon {unknown}
 g - a scroll of acquirement {unknown}
 i - 3 scrolls of teleportation
 m - 2 scrolls of magic mapping
 n - 4 scrolls of fog
 p - a scroll of enchant armour {unknown}
 q - 4 scrolls of remove curse
 x - a scroll of vulnerability {unknown}
 A - a scroll of amnesia {unknown}
 B - a scroll of holy word {unknown}
 E - a scroll of blinking {unknown}
Potions
 h - 3 potions of curing
 j - 4 potions of heal wounds
 k - a potion of haste
 o - a potion of flight
 u - 3 potions of might
 v - 2 potions of cancellation
 w - a potion of agility
 C - a potion of brilliance
 H - a potion of resistance
Comestibles
 d - 15 rations


   Skills:
 * Level 7.0 Fighting
 - Level 1.7 Throwing
 - Level 4.3 Armour
 + Level 6.2 Dodging
 * Level 8.4 Stealth
 - Level 4.0 Shields
 + Level 13.3 Unarmed Combat
 * Level 1.7 Invocations
 + Level 2.2 Evocations


You had 10 spell levels left.
You didn't know any spells.

Dungeon Overview and Level Annotations

Branches:
Dungeon (10/15)            Temple (1/1) D:5            Lair (0/6) D:9
    Orc (0/2) D:10

Altars:
Ashenzari
Cheibriados
Dithmenos
Fedhas
Gozag
Hepliaklqana
Kikubaaqudgha
Makhleb
Okawaru
Sif Muna
Trog
Uskayaw
Wu Jian
Yredelemnul
Zin

Shops:
D:5 %   D:9 [

Portals:
Trove: D:10 (give +4 demon whip)

Annotations:
D:3 Natasha
D:10 Snorg


Innate Abilities, Weirdness & Mutations

Your body is rotting away.
You thrive on raw meat.
You are immune to poison.
You have sharp fingernails.
You are carnivorous and can eat meat at any time.
Your flesh is cold resistant. (rC+)
You are immune to negative energy. (rN+++)
You do not regenerate when monsters are visible.
You are immune to unholy pain and torment.
You can survive without breathing.


Message History

There is an open door here.
(D) Dungeon (T) Temple (L) Lair (O) Orcish Mines
Where to? (Enter - D:10, ? - help)
You feel your flesh rotting away.
There is an open door here.
There is an open door here.
There is an open door here.
There is a stone staircase leading down here.
You climb downwards.
Level annotation: Snorg Snorg goes berserk!
Snorg bites you. Snorg claws you! You block Snorg's attack.
There is a stone staircase leading up here.
As you read the scroll of teleportation, it crumbles to dust.
You feel strangely unstable.
You block Snorg's attack. x2; Snorg claws you!
Snorg bites you!! Snorg claws you!
* * * LOW HITPOINT WARNING * * *
Snorg claws you!
* * * LOW HITPOINT WARNING * * *
Snorg misses you. Snorg claws you!!
You die...

#.# #.# #. #.# ###.###
#. ##.# #.....# #. #..#
#.....# #. #.## #.....#
## ####.#######.....# #.
#..........#.....# ###.
#.##.##.##.##########...
# #.##@##.# ##.)...
#..T<##.# ##.###..
#.##.##.######.## ##.
#.##>##.#.........# #.
#..........######.# #.
#######.#.## #..# .#
#...# #.#.. ##### #.####
#.#


You could see Snorg (berserk).

Vanquished Creatures
  Josephine (D:10)
  A centaur warrior (D:9)
  A two-headed ogre (D:10)
  The ghost of microfolk the Magician, a novice GnSk of Makhleb (D:10)
  A deep elf mage (D:9)
  Maurice (D:9)
  Grinder (D:3)
  A snapping turtle (D:8)
  2 hippogriffs
  Sigmund (D:3)
  5 wraiths (D:10)
  A hungry ghost (D:9)
  A wyvern (D:9)
  The ghost of wilfster70 the Poker, an amateur OpFi of Hepliaklqana (D:4)
  3 orc warriors
  2 ice beasts
  A black bear (D:6)
  3 necrophages
  3 phantoms
  3 sky beasts
  10 ogres
  2 centaurs
  2 big kobolds
  2 bullfrogs
  A water moccasin zombie (D:9)
  5 scorpions
  A wyvern skeleton (D:10)
  16 killer bees
  A howler monkey (D:5)
  5 wights (D:9)
  2 crimson imps
  5 hounds
  A quasit (D:7)
  2 bullfrog zombies
  A centaur zombie (D:6)
  3 bullfrog skeletons
  A centaur skeleton (D:10)
  8 orc priests
  7 orc wizards
  3 jellies
  Natasha (twice) (D:3)
  2 iguanas
  8 worker ants
  A hound zombie (D:8)
  3 mummies (Ossuary)
  8 gnolls
  14 adders
  A shadow imp (D:9)
  4 adder zombies
  2 adder skeletons
  4 worms
  A dart slug (D:1)
  4 leopard geckos
  33 orcs
  4 ball pythons
  3 bat zombies (D:5)
  5 giant cockroaches
  A gnoll zombie (Ossuary)
  6 goblins
  7 hobgoblins
  10 jackals
  19 kobolds
  9 bats
  5 frilled lizards
  3 goblin zombies (Ossuary)
  3 hobgoblin zombies (Ossuary)
  3 kobold zombies (Ossuary)
  A leopard gecko skeleton (D:4)
  A quokka skeleton (D:4)
  2 quokka zombies (Ossuary)
  8 rats
  4 rat zombies
293 creatures vanquished.

Notes
Turn   | Place    | Note
-------+----------+-------------------------------------------
     0 | D:1      | Inarius the Ghoul Gladiator began the quest for the Orb.
     0 | D:1      | Reached XP level 1. HP: 17/17 MP: 0/0
   229 | D:1      | Reached XP level 2. HP: 24/24 MP: 1/1
   482 | D:1      | Reached skill level 4 in Unarmed Combat
   510 | D:1      | Reached XP level 3. HP: 26/30 MP: 2/2
  1063 | D:2      | Reached XP level 4. HP: 37/37 MP: 3/3
  1471 | D:3      | Found a burning altar of Makhleb.
  1475 | D:3      | Noticed Sigmund
  1503 | D:3      | Killed Sigmund
  1503 | D:3      | Reached skill level 1 in Armour
  1503 | D:3      | Reached skill level 5 in Unarmed Combat
  1503 | D:3      | Reached XP level 5. HP: 16/42 MP: 4/4
  1503 | D:3      | Reached XP level 6. HP: 19/50 MP: 5/5
  1830 | D:3      | Reached skill level 6 in Unarmed Combat
  1863 | D:3      | Noticed Natasha
  1869 | D:3      | Noticed Grinder
  1875 | D:3      | Killed Natasha
  1910 | D:3      | Paralysed by Grinder for 7 turns
  1947 | D:3      | Killed Grinder
  1947 | D:3      | Reached XP level 7. HP: 26/57 MP: 6/6
  1989 | D:3      | Found an iron altar of Okawaru.
  1994 | D:3      | Found a shattered altar of Ashenzari.
  1996 | D:3      | Found a hazy altar of Hepliaklqana.
  2100 | D:3      | Noticed Natasha
  2112 | D:3      | Killed Natasha
  2187 | D:3      | Noticed Natasha
  2353 | D:4      | Reached skill level 7 in Unarmed Combat
  2403 | D:4      | Noticed wilfster70's ghost (amateur OpFi)
  2407 | D:4      | Killed wilfster70's ghost
  2510 | D:4      | Reached XP level 8. HP: 58/63 MP: 7/7
  2618 | D:4      | Reached skill level 8 in Unarmed Combat
  3263 | D:5      | Entered Level 5 of the Dungeon
  3309 | D:5      | Reached skill level 9 in Unarmed Combat
  3348 | D:5      | Found Rich's Food Shoppe.
  3463 | D:5      | Got a shimmering robe
  3474 | D:5      | Identified the +1 robe "Igaura" {rF+ Regen+ Str+6} (You found it on level 5 of the Dungeon)
  3540 | D:5      | Found a staircase to the Ecumenical Temple.
  3544 | D:5      | Reached skill level 1 in Stealth
  3553 | Temple   | Entered the Ecumenical Temple
  3594 | Temple   | Became a worshipper of Dithmenos the Shadowed
  3678 | D:5      | Reached skill level 1 in Evocations
  3848 | D:5      | Reached XP level 9. HP: 69/71 MP: 8/8
  4013 | D:5      | Found an ancient bone altar of Kikubaaqudgha.
  4148 | D:6      | Reached skill level 10 in Unarmed Combat
  4359 | D:6      | Found a sand-covered staircase.
  4380 | Ossuary  | Entered an ossuary
  4447 | Ossuary  | Reached * piety under Dithmenos
  5141 | D:6      | Reached skill level 11 in Unarmed Combat
  5192 | D:7      | Reached skill level 1 in Shields
  5202 | D:7      | Reached ** piety under Dithmenos
  5538 | D:8      | Noticed a two-headed ogre
  5783 | D:8      | Reached XP level 10. HP: 80/80 MP: 10/10
  5829 | D:8      | Reached skill level 5 in Stealth
  5862 | D:8      | Reached skill level 5 in Dodging
  5959 | D:8      | a two-headed ogre changed into a snapping turtle
  6336 | D:8      | Reached *** piety under Dithmenos
  6486 | D:9      | Reached skill level 5 in Fighting
  6551 | D:9      | Noticed Maurice
  6560 | D:9      | Killed Maurice
  6584 | D:9      | Reached skill level 12 in Unarmed Combat
  7028 | D:9      | Noticed a centaur warrior
  7032 | D:9      | Killed a centaur warrior
  7051 | D:9      | Noticed a deep elf mage
  7061 | D:9      | Killed a deep elf mage
  7061 | D:9      | Reached XP level 11. HP: 74/89 MP: 11/11
  7176 | D:9      | Found a staircase to the Lair.
  7183 | D:9      | Found Uwyhu's Armour Shop.
  7372 | D:10     | Entered Level 10 of the Dungeon
  7403 | D:10     | Found a staircase to the Orcish Mines.
  7524 | D:10     | Reached **** piety under Dithmenos
  7529 | D:10     | Reached skill level 13 in Unarmed Combat
  7540 | D:10     | Noticed microfolk's ghost (novice GnSk)
  7638 | D:10     | Noticed a two-headed ogre
  7645 | D:10     | Killed a two-headed ogre
  7671 | D:10     | Found a portal to a secret trove of treasure.
  7745 | D:10     | Noticed Josephine
  7773 | D:10     | Killed Josephine
  7773 | D:10     | Reached skill level 1 in Invocations
  7859 | D:10     | Noticed Snorg
  7870 | D:10     | Killed microfolk's ghost
  7994 | D:10     | Mangled by Snorg

Skill      XL: |  1  2  3  4  5  6  7  8  9 10 11 |
---------------+----------------------------------+-----
Dodging        | 3 4 5 6 |  6.2
Unarmed Combat | 4 5 6 7 9 11 12 13 | 13.3
Armour         | 1 3 4 |  4.3
Fighting       | 3 4 6 7 |  7.0
Stealth        | 1 4 7 8 |  8.4
Evocations     | 1 2 |  2.2
Shields        | 1 3 4 |  4.0
Invocations    | 1 |  1.7
Throwing       | |  1.7

Action                   |  1- 3 |  4- 6 |  7- 9 | 10-12 || total
-------------------------+-------+-------+-------+-------++-------
Melee: Unarmed           |    88 |   177 |   386 |   330 ||   981
       Punch             |     2 |     6 |     9 |       ||    17
Throw: Throwing net      |       |     2 |       |       ||     2
Evoke: Wand              |       |       |    10 |    11 ||    21
  Use: Potion            |       |     2 |       |     2 ||     4
       Scroll            |       |       |    12 |     5 ||    17
 Stab: Sleeping          |       |       |     9 |    16 ||    25
  Eat: Chunk             |     6 |    24 |    49 |    45 ||   124
Armor: Leather armour    |     3 |       |       |       ||     3
       Ring mail         |    19 |    12 |       |       ||    31
       Scale mail        |       |    61 |    37 |       ||    98
       Plate armour      |       |       |    35 |       ||    35
       Robe              |       |       |    37 |    33 ||    70
Dodge: Dodged            |    62 |   115 |   204 |   182 ||   563
Block: Buckler           |       |       |    14 |    42 ||    56
